 Dungeon Crawl Stone Soup version 0.31.0-32-g396128a36d (webtiles) character file.

Game seed: 1275446585983521255

2681 0gre the Frost Mage (level 9, -5/88 (99) HPs)
             Began as a Gnoll Ice Elementalist on Apr 15, 2024.
             Slain by Jeremiah
             ... wielding a +4 trident of draining
              (9 damage)
             ... on level 7 of the Dungeon on Apr 16, 2024.
             The game lasted 00:38:20 (6932 turns).

0gre the Frost Mage (Gnoll Ice Elementalist)        Turns: 6932, Time: 00:38:21

HP:   -5/88 (99)    AC:  8    Str:  7    XL:     9   Next: 64%
MP:   18/19         EV: 15    Int: 18    God:
Gold: 374           SH:  0    Dex: 17    Spells: 15/21 levels left

rFire   . . .        a - +2 falchion (elec)
rCold   . . .        (no shield)
rNeg    . . .        m - +0 robe
rPois   .            l - +2 helmet {Int+3}
rElec   .            v - +2 cloak
rCorr   .            (no gloves)
SInv    .            (no boots)
Will    ++...        (no amulet)
Stlth   x              - ring of willpower
HPRegen 0.34/turn    H - ring of willpower
MPRegen 0.16/turn

%: no passive effects
@: berserking, heavily drained, very quick
A: fangs 1, strong nose, distributed training
a: no special abilities


You were on level 7 of the Dungeon.
You visited 1 branch of the dungeon, and saw 7 of its levels.

You collected 374 gold pieces.

Inventory:

Hand Weapons
 a - a +2 falchion of electrocution (weapon)
 b - a +0 orcbow of freezing
 c - a +1 scythe of venom
 d - a +2 flail of protection
 e - a +2 dagger of holy wrath
Missiles
 i - 2 throwing nets
 s - 3 poisoned darts
 D - 3 atropa-tipped darts (quivered)
 E - a boomerang
Armour
 l - a +2 helmet of intelligence (worn)
 m - a +0 robe (worn)
 v - a +2 cloak (worn)
 J - the scarf of the Desert {rC+ rF+, Regen+}
   (You found it on level 6 of the Dungeon)

   Regen+:    It increases your rate of health regeneration.
Jewellery
 o - a ring of flight
 x - a ring of willpower (left hand)
 H - a ring of willpower (right hand)
Wands
 k - a wand of flame (55)
 A - a wand of iceblast (4)
Scrolls
 f - a scroll of blinking {unknown}
 h - a scroll of revelation
 C - a scroll of brand weapon
 K - a scroll of poison
Potions
 g - a potion of magic
 j - 2 potions of might
 n - a potion of berserk rage
 q - a potion of degeneration {unknown}
 r - a potion of haste {unknown}
 t - 2 potions of lignification
 u - a potion of ambrosia {unknown}
 w - a potion of resistance {unknown}
 z - 2 potions of curing {unknown}
 G - a potion of attraction {unknown}


   Skills:
 + Level 4.6 Fighting
 + Level 4.6 Short Blades
 + Level 4.6 Long Blades
 + Level 4.6 Axes
 + Level 4.6 Maces & Flails
 + Level 4.6 Polearms
 + Level 4.6 Staves
 + Level 4.6 Ranged Weapons
 + Level 4.6 Throwing
 + Level 4.6 Armour
 + Level 6.6 Dodging
 + Level 6.3 Stealth
 + Level 4.6 Shields
 + Level 4.6 Unarmed Combat
 + Level 6.9 Spellcasting
 + Level 3.8 Conjurations
 + Level 3.8 Hexes
 + Level 3.8 Summonings
 + Level 3.8 Necromancy
 + Level 3.8 Translocations
 + Level 3.8 Fire Magic
 + Level 8.1 Ice Magic
 + Level 3.8 Air Magic
 + Level 3.8 Earth Magic
 + Level 3.8 Alchemy
 + Level 5.1 Invocations
 + Level 4.6 Evocations
 + Level 4.2 Shapeshifting


You had 15 spell levels left.
You knew the following spells:

 Your Spells              Type           Power      Damage    Failure   Level
b - Frozen Ramparts       Ice            70%        1d11      1%          3
c - Summon Ice Beast      Ice/Summ       27%        N/A       2%          3

Your spell library contained the following spells:

 Spells                   Type           Power      Damage    Failure   Level
 Freeze                   Ice            100%       1d10      1%          1
 Ozocubu's Armour         Ice            35%        N/A       1%          3
 Hailstorm                Conj/Ice       27%        3d8       2%          3
 Fugue of the Fallen      Necr           19%        N/A       7%          3
 Stone Arrow              Conj/Erth      38%        3d9       7%          3
 Tukima's Dance           Hex            19%        N/A       7%          3
 Animate Armour           Summ/Erth      38%        N/A       22%         4
 Dimensional Bullseye     Hex/Tloc       9%         N/A       22%         4
 Ignite Poison            Fire/Alch      19%        N/A       22%         4
 Iskenderun's Mystic Bla  Conj/Tloc      19%        2d6       22%         4
 Manifold Assault         Tloc           19%        N/A       22%         4
 Sticky Flame             Fire/Alch      19%        2d6       22%         4
 Summon Blazeheart Golem  Fire/Summ      19%        N/A       22%         4
 Vhi's Electric Charge    Tloc/Air       38%        N/A       22%         4
 Arcjolt                  Conj/Air       9%         1d19      54%         5
 Plasma Beam              Fire/Air       9%         2x1d20    98%         6
 Orb of Destruction       Conj           9%         9d6       100%        7
 Spellforged Servitor     Conj/Summ      9%         N/A       100%        7
 Ignition                 Fire           9%         3d5       100%        8
 Lehudib's Crystal Spear  Conj/Erth      9%         10d4      100%        8


Dungeon Overview and Level Annotations

Branches:
Dungeon (7/15)
 Temple: D:4-7

Altars:
Qazlal
Trog
Wu Jian
Yredelemnul

Annotations:
D:7 Jeremiah


Innate Abilities, Weirdness & Mutations

You have very sharp teeth.
Your uncanny sense of smell can sniff out nearby items.
Your experience applies equally to all skills.


Message History

You kill the butterfly!
The butterfly disappears in a burst of colours!
Jeremiah hops!
You miss the butterfly. Jeremiah closely misses your ice beast.
Jeremiah hits your ice beast with a +4 trident of draining.
The butterfly disappears in a burst of colours!
Your ice beast barely misses the butterfly.
Jeremiah hits your ice beast with a +4 trident of draining!
The butterfly disappears in a burst of colours!
Jeremiah hits you from afar with a +4 trident of draining!
You feel drained.
The butterfly disappears in a burst of colours!
Jeremiah hits you with a +4 trident of draining.
* * * LOW HITPOINT WARNING * * *
You feel drained.
* * * LOW HITPOINT WARNING * * *
You hit Jeremiah but do no damage.
Jeremiah is lightly wounded.
Your ice beast hits the butterfly.
The butterfly dies!
The butterfly disappears in a burst of colours!
Jeremiah lets out a twisted cry.
Something smites you!
* * * LOW HITPOINT WARNING * * *
The butterfly disappears in a burst of colours! x3
Your ice beast hits the butterfly.
The butterfly dies!
The butterfly disappears in a burst of colours!
Jeremiah hits you from afar with a +4 trident of draining.
* * * LOW HITPOINT WARNING * * *
You feel drained.
* * * LOW HITPOINT WARNING * * *
A red film seems to cover your vision as you go berserk!
You feel yourself moving faster!
You feel mighty!
The butterfly disappears in a burst of colours! x2
Jeremiah closely misses you.
You miss the butterfly.
Jeremiah hits you from afar with a +4 trident of draining!
You die...
Jeremiah asks, "What happened?
Did... did you die?"

.......#..# ####....# .........##
#####.......##
#......<.########............##
###......##...................###
##.#.................#####.....
###...........##########...>..
#............## #........
.......#.....b..## #........
#....###.....b.@b.## #........
###.. #b...bbb.b<.## #.........
#.. .....bFY.....##..#....... #..
#..b.bbb......##.###......
....b..b....##.# ##.....
#..............# ######
###...........## ...........#.#
.....#####.#...∆


You could see Jeremiah (ally target) and a friendly ice beast (summoned).

Vanquished Creatures
  Grinder (D:4)
  Sigmund (D:5)
  A vampire (D:6)
  Edmund (D:4)
  A water moccasin (D:6)
  2 ice beasts
  3 black bears
  3 centaurs
  3 scorpions
  2 jellies
  4 orc priests
  2 hounds
  Crazy Yiuf (D:6)
  An orc wizard (D:7)
  Ijyb (D:3)
  Natasha (D:4)
  2 iguanas (D:6)
  Robin (D:3)
  5 adders
  A shadow imp (D:6)
  2 ufetubi (D:6)
  3 dart slugs
  3 ribbon worms
  17 orcs
  3 bats (D:3)
  6 endoplasms
  8 giant cockroaches
  17 goblins
  11 hobgoblins
  2 jackals (D:2)
  8 kobolds
  A quokka (D:2)
  5 ball pythons
  4 frilled lizards
  4 rats
131 creatures vanquished.

Vanquished Creatures (collateral kills)
  An ogre (D:5)
  2 black bears (D:5)
  3 bombardier beetles
  3 jellies
  Natasha (twice) (D:4)
  A sleepcap (D:6)
12 creatures vanquished.

Grand Total: 143 creatures vanquished

Notes
Turn   | Place    | Note
-------+----------+-------------------------------------------
     0 | D:1      | 0gre the Gnoll Ice Elementalist began the quest for the
                  | Orb.
     0 | D:1      | Reached XP level 1. HP: 13/13 MP: 6/6
    95 | D:1      | Reached XP level 2. HP: 14/19 MP: 5/7
   393 | D:1      | HP: 1/20 [frozen (4)]
   798 | D:2      | Reached skill level 5 in Spellcasting
   798 | D:2      | Reached XP level 3. HP: 10/25 MP: 5/9
   836 | D:2      | Learned a level 3 spell: Frozen Ramparts
   881 | D:2      | Reached skill level 1 in Invocations
   917 | D:2      | Reached skill level 1 in Fighting
   917 | D:2      | Reached skill level 1 in Short Blades
   917 | D:2      | Reached skill level 1 in Long Blades
   917 | D:2      | Reached skill level 1 in Axes
   917 | D:2      | Reached skill level 1 in Maces & Flails
   917 | D:2      | Reached skill level 1 in Polearms
   917 | D:2      | Reached skill level 1 in Staves
   917 | D:2      | Reached skill level 1 in Ranged Weapons
   917 | D:2      | Reached skill level 1 in Throwing
   917 | D:2      | Reached skill level 1 in Armour
   917 | D:2      | Reached skill level 1 in Shields
   917 | D:2      | Reached skill level 1 in Unarmed Combat
   917 | D:2      | Reached skill level 1 in Evocations
   967 | D:2      | Reached skill level 1 in Shapeshifting
   967 | D:2      | Reached XP level 4. HP: 27/32 MP: 4/11
  1152 | D:2      | Reached skill level 1 in Conjurations
  1152 | D:2      | Reached skill level 1 in Hexes
  1152 | D:2      | Reached skill level 1 in Summonings
  1152 | D:2      | Reached skill level 1 in Necromancy
  1152 | D:2      | Reached skill level 1 in Translocations
  1152 | D:2      | Reached skill level 1 in Fire Magic
  1152 | D:2      | Reached skill level 1 in Air Magic
  1152 | D:2      | Reached skill level 1 in Earth Magic
  1152 | D:2      | Reached skill level 1 in Alchemy
  1355 | D:2      | Found an ornate altar of the Wu Jian Council.
  1616 | D:3      | Found a faded altar of an unknown god.
  1723 | D:3      | Noticed Robin
  1723 | D:3      | Noticed Ijyb
  1727 | D:3      | Reached XP level 5. HP: 37/37 MP: 8/12
  1738 | D:3      | Killed Robin
  1739 | D:3      | Killed Ijyb
  2448 | D:4      | Reached XP level 6. HP: 44/44 MP: 9/13
  2463 | D:4      | Reached skill level 5 in Dodging
  2716 | D:4      | Noticed Natasha
  2720 | D:4      | Killed Natasha
  2725 | D:4      | Learned a level 3 spell: Summon Ice Beast
  2769 | D:4      | Noticed Edmund
  2786 | D:4      | Killed Edmund
  2787 | D:4      | Reached XP level 7. HP: 27/51 MP: 7/15
  2874 | D:4      | Noticed Grinder
  2885 | D:4      | Killed Grinder
  2886 | D:4      | Reached skill level 5 in Stealth
  2979 | D:4      | Noticed Natasha
  2984 | D:4      | Killed Natasha
  3248 | D:4      | Reached XP level 8. HP: 52/58 MP: 12/16
  3392 | D:4      | Noticed Natasha
  3400 | D:4      | Killed Natasha
  3473 | D:5      | Entered Level 5 of the Dungeon
  3496 | D:5      | Identified the +4 hand axe of the Morning {pain, *Noise
                  | ^Fragile rElec rPois}
  3750 | D:5      | Found a bloodstained altar of Trog.
  4144 | D:5      | Noticed Sigmund
  4162 | D:5      | Killed Sigmund
  4680 | D:5      | Reached XP level 9. HP: 65/65 MP: 14/18
  5058 | D:6      | Found a basalt altar of Yredelemnul.
  5402 | D:6      | Reached skill level 8 in Ice Magic
  5560 | D:6      | Identified the scarf of the Desert {rC+ rF+, Regen+}
  5642 | D:6      | Found a stormy altar of Qazlal.
  6189 | D:6      | Found a runed translucent door.
  6190 | D:6      | Noticed Crazy Yiuf
  6198 | D:6      | Killed Crazy Yiuf
  6710 | D:7      | Reached skill level 5 in Invocations
  6898 | D:7      | Noticed Jeremiah
  6930 | D:7      | HP: 3/60 [Jeremiah/+4 trident of draining (3)]
  6932 | D:7      | Slain by Jeremiah

Illustrated notes

Levels and vault maps discovered:
D:1:      kennysheep_arrival_forest, layout_rooms
D:2:      cheibrodos_greedy_goblins, layout_rooms, basic_altar,
          kennysheep_cross_bottleneck, minmay_worlds_worst_comb
D:3:      layout_basic, hellmonk_ecumenical_altar_prayer_group,
          nicolae_goblin_pals
D:4:      layout_loops_cross, uniq_edmund, uniq_grinder, uniq_natasha
D:5:      layout_layer_cave, trog_ov_bears_minmay, uniq_sigmund
D:6:      nicolae_BIG_FREAKIN_CUBE, layout_loops_cross,
          mainiacjoe_overflow_boulevard, yredelemnul_altar_generic,
          uniq_crazy_yiuf_cottage
D:7:      layout_cave_pods, minmay_temple_entry_large_hall, uniq_jeremiah

Skill      XL: |  1  2  3  4  5  6  7  8  9 |
---------------+----------------------------+-----
Spellcasting   | 5 6 |  6.9
Invocations    | 1 2 3 4 5 |  5.1
Fighting       | 1 2 3 4 |  4.6
Short Blades   | 1 2 3 4 |  4.6
Long Blades    | 1 2 3 4 |  4.6
Axes           | 1 2 3 4 |  4.6
Maces & Flails | 1 2 3 4 |  4.6
Polearms       | 1 2 3 4 |  4.6
Staves         | 1 2 3 4 |  4.6
Ranged Weapons | 1 2 3 4 |  4.6
Throwing       | 1 2 3 4 |  4.6
Armour         | 1 2 3 4 |  4.6
Shields        | 1 2 3 4 |  4.6
Unarmed Combat | 1 2 3 4 |  4.6
Evocations     | 1 2 3 4 |  4.6
Shapeshifting  | 1 2 3 4 |  4.2
Conjurations   | 1 2 3 |  3.8
Hexes          | 1 2 3 |  3.8
Summonings     | 1 2 3 |  3.8
Necromancy     | 1 2 3 |  3.8
Translocations | 1 2 3 |  3.8
Fire Magic     | 1 2 3 |  3.8
Air Magic      | 1 2 3 |  3.8
Earth Magic    | 1 2 3 |  3.8
Alchemy        | 1 2 3 |  3.8
Dodging        | 5 6 |  6.6
Stealth        | 5 6 |  6.3
Ice Magic      | 8 |  8.1

Action                     |  1- 3 |  4- 6 |  7- 9 || total
---------------------------+-------+-------+-------++-------
  Melee: Short sword       |    34 |       |       ||    34
         Bite              |     2 |    11 |    12 ||    25
         Hand axe          |     7 |       |       ||     7
         Dagger            |    13 |    72 |    12 ||    97
         Falchion          |       |    17 |    31 ||    48
         Punch             |       |     1 |     2 ||     3
         Spear             |       |     2 |       ||     2
         Flail             |       |       |    74 ||    74
         Halberd           |       |       |     3 ||     3
   Fire: Sling             |       |    67 |    26 ||    93
         Orcbow            |       |       |    37 ||    37
  Throw: Dart              |       |       |     2 ||     2
   Cast: Freeze            |    11 |     9 |       ||    20
         Frozen Ramparts   |     4 |    17 |    19 ||    40
         Summon Ice Beast  |       |     1 |    20 ||    21
  Evoke: Wand              |       |       |     3 ||     3
    Use: Scroll            |       |       |    12 ||    12
         Potion            |       |       |     2 ||     2
   Stab: Sleeping          |     2 |     2 |       ||     4
 Armour: Robe              |    33 |    32 |   107 ||   172
  Dodge: Dodged            |    33 |    71 |   113 ||   217
